 Dungeon Crawl Stone Soup version 0.30-a0-758-gc2c871d025 (webtiles) character file.

Game seed: 1821589143438978835

40026 DEFE the Nimble (level 13, -7/103 HPs)
             Began as a Demonspawn Wanderer on Feb 10, 2023.
             Mangled by an acid blob (12 damage)
             ... on level 5 of the Pits of Slime.
             The game lasted 00:22:39 (18067 turns).

DEFE the Nimble (Demonspawn Wanderer)              Turns: 18067, Time: 00:22:40

Health: -7/103     AC: 12    Str: 23    XL:     13   Next: 72%
Magic:  0/13       EV: 25    Int: 11    God:
Gold:   1058       SH:  0    Dex: 20    Spells: 12/12 levels left

rFire   . . .      SeeInvis .    i - +5 short sword (elec)
rCold   . . .      Faith    .    (no shield)
rNeg    . . .      Spirit   +    J - +0 acid dragon scales
rPois   .          Reflect  .    f - +3 helmet of Too Many Cooks {Str+4}
rElec   .          Harm     .    T - +2 cloak
rCorr   +          Rampage  .    (gloves unavailable)
Will    .....                    M - +0 pair of boots
Stlth   +                        a - amulet "Muzurin" {*Corrode Fly Regen+ Str+6}
HPRegen 1.17/turn                V - +5 ring of evasion
MPRegen 0.26/turn                D - +4 ring of slaying

@: confused, corroded, flying, hasted, very quick
A: ignite blood 2, magic shield, magic regeneration, sharp scales 2, demonic
touch 3
a: no special abilities


You were on level 5 of the Pits of Slime.
You visited 4 branches of the dungeon, and saw 22 of its levels.
You also visited: Sewer and Gauntlet.

You collected 1345 gold pieces.
You spent 287 gold pieces at shops.

Inventory:

Hand Weapons
 i - a +5 short sword of electrocution (weapon)
Missiles
 Y - a throwing net (quivered)
Armour
 f - the +3 helmet of Too Many Cooks (worn) {Str+4}
   (You found it in a Gauntlet)

   Str:       It affects your strength (+4).
 p - +0 steam dragon scales
 J - +0 acid dragon scales (worn)
 M - a +0 pair of boots (worn)
 R - a +1 robe of cold resistance
 T - a +2 cloak (worn)
Jewellery
 a - the amulet "Muzurin" (around neck) {*Corrode Fly Regen+ Str+6}
   (You took it off a minotaur in a Gauntlet)

   [amulet of regeneration]

   Str:       It affects your strength (+6).
   Fly:       It grants you flight.
   Regen:     It increases your rate of health regeneration.
   *Corrode:  It may corrode you when you take damage.
 q - a ring of protection from cold
 r - a ring of fire
 s - a ring of willpower
 v - a ring of resist corrosion
 y - a ring of poison resistance
 D - a +4 ring of slaying (right hand)
 K - an amulet of faith
 O - a +6 ring of strength
 P - a ring of willpower
 Q - a ring of ice
 V - a +5 ring of evasion (left hand)
Wands
 c - a wand of mindburst (9)
 N - a wand of charming (1)
 U - a wand of iceblast (11)
 W - a wand of polymorph (8)
 X - a wand of light (3)
Scrolls
 d - 3 scrolls of butterflies
 g - 5 scrolls of vulnerability
 h - 5 scrolls of teleportation
 k - a scroll of silence
 l - 5 scrolls of immolation
 m - a scroll of enchant armour
 o - 2 scrolls of amnesia
 x - 2 scrolls of fear
 B - 6 scrolls of fog
 G - 2 scrolls of poison
 S - a scroll of enchant weapon
Potions
 j - 4 potions of heal wounds
 n - 3 potions of resistance
 t - 8 potions of curing
 u - 4 potions of attraction
 w - 2 potions of ambrosia
 z - 3 potions of flight
 A - 3 potions of berserk rage
 C - 2 potions of haste
 E - 3 potions of lignification
 F - 2 potions of might
 H - 3 potions of brilliance {unknown}
 I - 2 potions of mutation {unknown}
 L - 3 potions of degeneration {unknown}
Miscellaneous
 b - a lightning rod (4/4)
 e - a tin of tremorstones (2/2)


   Skills:
 - Level 10.0 Fighting
 - Level 6.1 Short Blades
 - Level 1.0 Staves
 - Level 10.0 Armour
 - Level 12.0 Dodging
 + Level 11.2 Unarmed Combat
 + Level 6.6 Evocations


You had 12 spell levels left.
You didn't know any spells.
Your spell library contained the following spells:

 Spells                   Type           Power      Damage    Failure   Level
 Apportation              Tloc           0%         N/A       38%         1
 Kiss of Death            Conj/Necr      0%         2d5       38%         1
 Necrotise                Necr           0%         1d4       38%         1
 Sandblast                Erth           0%         2d4       38%         1
 Slow                     Hex            0%         N/A       38%         1
 Sting                    Tmut/Pois      0%         1d3       38%         1
 Summon Small Mammal      Summ           0%         N/A       38%         1
 Passwall                 Tmut/Erth      0%         N/A       54%         2
 Poisonous Vapours        Pois/Air       0%         N/A       54%         2
 Scorch                   Fire           0%         2d5       54%         2
 Sublimation of Blood     Necr           0%         N/A       54%         2
 Wereblood                Tmut           0%         N/A       54%         2
 Confusing Touch          Hex            0%         N/A       77%         3
 Dazzling Flash           Conj/Hex       0%         N/A       77%         3
 Ignite Poison            Fire/Tmut/Pois 0%         N/A       77%         3
 Kindle Blastsparks       Fire/Tloc/Air  0%         2d10      77%         3
 Stone Arrow              Conj/Erth      0%         3d7       77%         3
 Tukima's Dance           Hex            0%         N/A       77%         3
 Vampiric Draining        Necr           0%         2d6       77%         3
 Dispel Undead            Necr           0%         3d6       99%         4
 Flame Wave               Conj/Fire      0%         2d4       99%         4
 Fulminant Prism          Conj/Hex       0%         3d5       99%         4
 Iskenderun's Mystic Bla  Conj/Tloc      0%         2d3       99%         4
 Olgreb's Toxic Radiance  Pois           0%         N/A       99%         4
 Passage of Golubria      Tloc           0%         N/A       99%         4
 Freezing Cloud           Conj/Ice/Air   0%         6-21      100%        5
 Iskenderun's Battlesphe  Conj           0%         2d6       100%        5
 Lee's Rapid Deconstruct  Erth           0%         3d4*      100%        5
 Yara's Violent Unravell  Hex/Tmut       0%         3d3       100%        5
 Iron Shot                Conj/Erth      0%         9d1       100%        6
 Starburst                Conj/Fire      0%         6d3       100%        6
 Summon Cactus Giant      Summ           0%         N/A       100%        6
 Spellforged Servitor     Conj/Summ      0%         N/A       100%        7
 Summon Hydra             Summ           0%         N/A       100%        7


Dungeon Overview and Level Annotations

Branches:
Dungeon (11/15)            Temple (1/1) D:4            Lair (5/5) D:11
  Swamp (0/4) Lair:3       Spider (0/4) Lair:3        Slime (5/5) Lair:5
  Sewer (visited)         Gauntlet (visited)
    Orc: D:9-12

Altars:
Ashenzari
Cheibriados
Dithmenos
Fedhas
Gozag
Hepliaklqana
Kikubaaqudgha
Makhleb
Nemelex Xobeh
Okawaru
Qazlal
Ru
Sif Muna
Trog
Uskayaw
Vehumet
Wu Jian
Xom
Yredelemnul
Jiyva

Shops:
D:3 (   D:6 [   D:10 *   D:11 (

Annotations:
D:5 1 runed translucent door, Crazy Yiuf
Slime:5 Royal Jelly


Innate Abilities, Weirdness & Mutations

Your demonic aura often causes spilled blood to erupt in flames.
When hurt, damage is shared between your health and your magic reserves.
You regenerate magic rapidly.
You are mostly covered in razor-sharp scales. (AC +2, Slay +2)
Your touch may irresistibly damage your foes and sap their willpower.


Message History

The golden eye blinks at you.
You are more confused.
You bump into the rune-carved clear stone wall.
The quicksilver ooze is engulfed in blazing flames.
The great orb of eyes gazes at you. You resist with significant effort.
The rockslime jiggles.
The rockslime completely misses you. The golden eye blinks at you.
You resist with almost no effort.
Unknown command.
Unknown command.
Unknown command.
Unknown command.
You are too confused!
You hit the acid blob.
Your hands burn!
* * * LOW HITPOINT WARNING * * *
You touch the acid blob.
You sap its willpower!
Unknown command.
You take 1 damage, and have 12/103 hp.
You bump into the rune-carved clear stone wall.
The acid blob hits you but does no damage.
The rockslime closely misses you.
The great orb of eyes completely misses you.
Unknown command.
You hit the rockslime but do no damage. Your punch misses the rockslime.
The acid blob is engulfed in blazing flames.
The golden eye blinks!
The acid blob spits acid at you. The splash of acid hits you! You resist.
* * * LOW HITPOINT WARNING * * *
The rockslime barely misses you.
You take 9 damage, and have 4/103 hp.
You now have 0/13 mp.
Unknown command.
You hit the rockslime but do no damage.
Unknown command.
You barely miss the golden eye. The golden eye blinks at you.
You resist with almost no effort. The acid blob hits you!
You die...

..........J...............
..........................
....####.#####............
...# #..# ##........... .
##[ ##J# ?)##..........
##$)!##JJ##$))##.........
#::}}$#G##[}):?# ........
#$"}?##JJ##(|$?# .......
##)$#[##@#=#)[## .....
######GJ###### ....
#...#JJJJ#G..# ...
...#..GJGJ..#... ..
#######..####### ..
#!!#[##.#[#$!# ..
![=$##..##(}[?#
[[φ[$#.##![!==#


You could see the Royal Jelly (weak-willed), 5 acid blobs, 3 great orbs of eyes,
2 slime creatures, 2 rockslimes, a glowing orange brain, 2 quicksilver oozes and
a golden eye.

Vanquished Creatures
  Gastronok (D:10)
  A minotaur (Gauntlet)
  2 hydras
  Fannar (D:10)
  A radroach (shapeshifter) (Gauntlet)
  A boulder beetle (Lair:3)
  A catoblepas (Lair:5)
  A two-headed ogre (D:9)
  Nergalle (D:10)
  Amaemon (Lair:2)
  Pikel (D:5)
  4 oklob plants
  A cyclops (D:11)
  Maurice (D:10)
  3 black mambas (Lair:2)
  13 cane toads
  An orange demon (Lair:2)
  2 smoke demons (Gauntlet)
  3 gargoyles
  An unseen horror zombie (D:8)
  An unseen horror (D:11)
  10 komodo dragons
  Psyche (D:10)
  A rime drake (Lair:4)
  A troll (D:10)
  5 polar bears
  Grinder (D:5)
  6 dream sheep (Lair:5)
  10 blink frogs
  4 culicivoras (Lair:3)
  A wraith (D:11)
  A shadow (D:7)
  25 yaks
  6 wyverns
  2 basilisks
  2 steam dragons (D:6)
  6 vampire mosquitoes (Lair:3)
  2 acid dragons
  13 water moccasins
  5 orc warriors
  An ice beast (D:7)
  A hornet zombie (D:8)
  3 black bears
  21 wolves
  A phantom (D:5)
  3 centaurs
  A lemure (D:5)
  5 kobold brigands
  17 bullfrogs
  A gnoll sergeant (D:5)
  2 necrophages
  A wyvern zombie (D:8)
  18 wights
  5 killer bees (D:8)
  5 howler monkeys
  5 spriggan skeletons (D:11)
  A troll skeleton (D:11)
  3 centaur zombies (D:8)
  2 electric eels
  7 crimson imps (Gauntlet)
  2 hounds (D:6)
  2 jellies
  6 orc priests
  2 gnoll boudas
  2 iguanas
  Terence (D:3)
  13 orc wizards
  A howler monkey zombie (D:8)
  14 adders
  25 gnolls
  A river rat (Sewer)
  A shadow imp (D:6)
  2 ufetubi (D:5)
  7 worms
  A dart slug (D:3)
  58 orcs
  6 ball pythons
  6 bats
  8 endoplasms
  5 giant cockroaches
  9 goblins
  7 hobgoblins
  6 jackals
  18 kobolds
  7 quokkas
  4 frilled lizards
  7 rats
468 creatures vanquished.

Vanquished Creatures (others)
  19 fungi
  29 plants
  3 withered plants (D:8)
51 creatures vanquished.

Grand Total: 519 creatures vanquished

Notes
Turn   | Place    | Note
-------+----------+-------------------------------------------
     0 | D:1      | DEFE the Demonspawn Wanderer began the quest for the Orb.
     0 | D:1      | DEFE set off with the following items: a +0 rapier, a +0
                  | quarterstaff, a +0 cloak, a scroll of butterflies, a +0
                  | robe.
     0 | D:1      | Reached XP level 1. HP: 15/15 MP: 1/1
   154 | D:1      | Found a faded altar of an unknown god.
   333 | D:1      | Gained mutation: Your demonic aura sometimes causes spilled
                  | blood to erupt in flames. [demonic ancestry]
   333 | D:1      | Reached XP level 2. HP: 21/21 MP: 2/2
   452 | D:1      | Reached skill level 5 in Short Blades
   816 | D:2      | Reached XP level 3. HP: 19/26 MP: 3/3
  1306 | D:3      | Noticed Terence
  1317 | D:3      | Killed Terence
  1318 | D:3      | Reached skill level 2 in Dodging
  1318 | D:3      | Reached XP level 4. HP: 14/32 MP: 4/4
  1519 | D:3      | Found Kuteanet's Weapon Shoppe.
  1595 | D:3      | Gained mutation: Your touch may inflict minor irresistible
                  | damage on your foes. [demonic ancestry]
  1595 | D:3      | Reached XP level 5. HP: 14/37 MP: 5/5
  2232 | D:4      | Reached skill level 3 in Dodging
  2234 | D:4      | Reached skill level 1 in Unarmed Combat
  2433 | D:4      | Found a radiant altar of Vehumet.
  2541 | D:4      | Gained mutation: You regenerate magic rapidly. [demonic
                  | ancestry]
  2541 | D:4      | Reached XP level 6. HP: 43/43 MP: 6/6
  2594 | D:4      | Found a staircase to the Ecumenical Temple.
  2606 | Temple   | Entered the Ecumenical Temple
  2912 | D:5      | Entered Level 5 of the Dungeon
  2913 | D:5      | Noticed Grinder
  2920 | D:5      | Killed Grinder
  2921 | D:5      | Reached skill level 4 in Dodging
  2921 | D:5      | Gained mutation: You are partially covered in razor-sharp
                  | scales. (AC +1, Slay +1) [demonic ancestry]
  2921 | D:5      | Reached XP level 7. HP: 48/48 MP: 7/7
  3171 | D:5      | Noticed Pikel
  3704 | D:5      | Reached skill level 5 in Dodging
  3895 | D:5      | Found an opulent altar of Gozag.
  4164 | D:5      | Killed Pikel
  4165 | D:5      | Reached skill level 6 in Dodging
  4165 | D:5      | Reached skill level 5 in Unarmed Combat
  4165 | D:5      | Reached XP level 8. HP: 52/54 MP: 8/8
  4388 | D:5      | Found a runed translucent door.
  4389 | D:5      | Noticed Crazy Yiuf
  4674 | D:6      | Found Paem Jeit's Antique Armour Shoppe.
  4814 | D:6      | Found a glowing drain.
  4860 | Sewer    | Entered a sewer
  4960 | Sewer    | Reached skill level 7 in Dodging
  5399 | D:6      | Gained mutation: When hurt, damage is shared between your
                  | health and your magic reserves. [demonic ancestry]
  5399 | D:6      | Reached XP level 9. HP: 57/59 MP: 9/9
  5508 | D:6      | Found a blossoming altar of Fedhas.
  5956 | D:6      | Found an ornate altar of the Wu Jian Council.
  6095 | D:7      | Reached skill level 8 in Dodging
  6416 | D:7      | Identified the +7 scale mail of a Billion Continents {Harm}
  7050 | D:8      | Reached skill level 9 in Dodging
  7298 | D:8      | Gained mutation: You are mostly covered in razor-sharp
                  | scales. (AC +2, Slay +2) [demonic ancestry]
  7298 | D:8      | Reached XP level 10. HP: 59/67 MP: 8/10
  7540 | D:8      | Found a basalt altar of Yredelemnul.
  8419 | D:9      | Found a sparkling altar of Nemelex Xobeh.
  8984 | D:9      | Noticed a two-headed ogre
  8999 | D:9      | Killed a two-headed ogre
  9000 | D:9      | Reached skill level 10 in Dodging
  9346 | D:10     | Entered Level 10 of the Dungeon
  9365 | D:10     | Noticed Fannar
  9444 | D:10     | Killed Fannar
  9445 | D:10     | Reached skill level 5 in Fighting
  9578 | D:10     | Found a burning altar of Makhleb.
  9581 | D:10     | Noticed a green death
  9901 | D:10     | Noticed Gastronok
  9970 | D:10     | Killed Gastronok
  9971 | D:10     | Reached skill level 10 in Unarmed Combat
  9971 | D:10     | Gained mutation: Your demonic aura often causes spilled
                  | blood to erupt in flames. [demonic ancestry]
  9971 | D:10     | Reached XP level 11. HP: 64/81 MP: 9/11
 10539 | D:10     | Noticed a five-headed hydra
 10542 | D:10     | Noticed Psyche
 10550 | D:10     | Killed a five-headed hydra
 10551 | D:10     | Reached skill level 11 in Dodging
 10555 | D:10     | Killed Psyche
 10625 | D:10     | Found Upny's Mayhem Merchandise.
 10633 | D:10     | Bought a wand of iceblast (6) for 172 gold pieces
 10633 | D:10     | Bought a wand of iceblast (4) for 115 gold pieces
 10667 | D:10     | Noticed Maurice
 10674 | D:10     | Killed Maurice
 10834 | D:10     | Noticed Nergalle
 10844 | D:10     | Killed Nergalle
 11463 | D:11     | Found a staircase to the Lair.
 11735 | D:11     | Found Zann's Antique Weapon Shoppe.
 12028 | Lair:1   | Entered Level 1 of the Lair of Beasts
 12028 | Lair:1   | Found the +8 lance "Wyrmbane" {slay drac, rPois rF+ rC+
                  | AC+3}
 12068 | Lair:1   | Reached skill level 12 in Dodging
 12411 | Lair:1   | Gained mutation: Your touch may inflict irresistible damage
                  | on your foes. [demonic ancestry]
 12411 | Lair:1   | Reached XP level 12. HP: 96/96 MP: 12/12
 12547 | Lair:1   | Reached skill level 10 in Fighting
 12705 | Lair:1   | Reached skill level 1 in Armour
 13022 | Lair:2   | Noticed Amaemon
 13909 | Lair:2   | Killed Amaemon
 13910 | Lair:2   | Reached skill level 5 in Armour
 14238 | Lair:3   | Noticed a boulder beetle
 14260 | Lair:3   | Killed a boulder beetle
 14749 | Lair:3   | Noticed a six-headed hydra
 14754 | Lair:3   | Killed a six-headed hydra
 14830 | Lair:3   | Found a staircase to the Swamp.
 15421 | Lair:3   | Found a hole to the Spider Nest.
 15783 | Lair:4   | Gained mutation: Your touch may irresistibly damage your
                  | foes and sap their willpower. [demonic ancestry]
 15783 | Lair:4   | Reached XP level 13. HP: 103/103 MP: 13/13
 15868 | Lair:4   | Reached skill level 10 in Armour
 16841 | Lair:5   | Entered Level 5 of the Lair of Beasts
 16914 | Lair:5   | Found a gate leading to a gauntlet.
 16954 | Gauntlet | Entered a Gauntlet
 16954 | Gauntlet | Found a transporter.
 16954 | Gauntlet | Found a transporter.
 17003 | Gauntlet | Found a transporter.
 17009 | Gauntlet | Found a large runed translucent door.
 17010 | Gauntlet | Found a large runed translucent door.
 17011 | Gauntlet | Found a large runed translucent door.
 17011 | Gauntlet | Found a large runed translucent door.
 17011 | Gauntlet | Found a runed translucent door.
 17011 | Gauntlet | Found a runed translucent door.
 17012 | Gauntlet | Found a large runed translucent door.
 17012 | Gauntlet | Found a large runed translucent door.
 17012 | Gauntlet | Found a large runed translucent door.
 17012 | Gauntlet | Found a large runed translucent door.
 17013 | Gauntlet | Found a large runed translucent door.
 17013 | Gauntlet | Found a large runed translucent door.
 17014 | Gauntlet | Found a large runed translucent door.
 17014 | Gauntlet | Found a large runed translucent door.
 17015 | Gauntlet | Found a runed translucent gate.
 17015 | Gauntlet | Found a runed translucent gate.
 17015 | Gauntlet | Found a runed translucent gate.
 17017 | Gauntlet | Found a transporter.
 17028 | Gauntlet | Found a large runed translucent door.
 17029 | Gauntlet | Found a large runed translucent door.
 17031 | Gauntlet | Found a transporter.
 17039 | Gauntlet | Found a transporter.
 17057 | Gauntlet | Found a transporter.
 17065 | Gauntlet | Found a transporter.
 17083 | Gauntlet | Found a transporter.
 17120 | Gauntlet | Found a transporter.
 17124 | Gauntlet | Found a transporter.
 17134 | Gauntlet | Found a transporter.
 17166 | Gauntlet | Found a large runed translucent door.
 17167 | Gauntlet | Found a large runed translucent door.
 17235 | Gauntlet | Identified the +3 helmet of Too Many Cooks {Str+4}
 17275 | Gauntlet | Identified the +1 great mace of the Equinox {heavy, rN+
                  | Will+}
 17486 | Gauntlet | Reached skill level 5 in Evocations
 17620 | Gauntlet | Identified the amulet "Muzurin" {*Corrode Fly Regen+ Str+6}
 17620 | Gauntlet | Noticed a minotaur
 17630 | Gauntlet | Killed a minotaur
 17782 | Lair:5   | Found a staircase to the Slime Pits.
 17976 | Slime:1  | Entered Level 1 of the Pits of Slime
 17976 | Slime:1  | Noticed an acid blob
 17978 | Slime:1  | Noticed an azure jelly
 18013 | Slime:3  | You are sucked into a shaft and drop 1 floor!
 18022 | Slime:4  | Noticed an acid blob
 18024 | Slime:4  | Noticed a rockslime
 18027 | Slime:5  | Entered Level 5 of the Pits of Slime
 18027 | Slime:5  | Noticed an acid blob
 18030 | Slime:5  | Paralysed by a great orb of eyes for 4 turns
 18039 | Slime:5  | Noticed an acid blob
 18039 | Slime:5  | Noticed a rockslime
 18039 | Slime:5  | Noticed a quicksilver ooze
 18047 | Slime:5  | Noticed an acid blob
 18047 | Slime:5  | Noticed a quicksilver ooze
 18050 | Slime:5  | Noticed a quicksilver ooze
 18052 | Slime:5  | Noticed a rockslime
 18054 | Slime:5  | Found a viscous altar of Jiyva.
 18054 | Slime:5  | Noticed a rockslime
 18054 | Slime:5  | Noticed an acid blob
 18054 | Slime:5  | Noticed the Royal Jelly
 18054 | Slime:5  | Noticed an acid blob
 18055 | Slime:5  | Noticed an acid blob
 18057 | Slime:5  | Found the +2 pair of slick slippers {slick, slippery, EV+5}
 18058 | Slime:5  | Noticed an acid blob
 18065 | Slime:5  | HP: 4/103 [acid blob/splash of acid (9)]
 18067 | Slime:5  | Mangled by an acid blob

Illustrated notes

Levels and vault maps discovered:
D:1:      mrwooster_arrival_statue, layout_basic,
          hellmonk_ecumenical_altar_arch_garden
D:2:      layout_rooms, kennysheep_nub
D:3:      layout_rooms, serial_shops, nicolae_shop_bloodbath_and_beyond,
          minmay_unequal, uniq_terence
D:4:      layout_basic, mainiacjoe_overflow_paths,
          minmay_temple_entry_stoned_glass
D:5:      layout_gridville, gammafunk_temple_overflow_wave, uniq_grinder,
          uniq_crazy_yiuf_cottage, uniq_pikel
D:6:      lemuel_ice_spiral_2, layout_rooms, mainiacjoe_overflow_catch_the_wave,
          serial_shops, nicolae_take_the_stairs, portal_sewer_entry_f,
          minmay_misc_feat_rows
D:7:      nicolae_cairo_tiling_very_big, layout_cave_pools,
          hangedman_decor_slide_cut
D:8:      layout_basic, amcnicky_altar_gilded, serial_undead, serial_undead_c,
          serial_undead_c, serial_undead_e, serial_undead_e, serial_undead_b,
          serial_undead_c
D:9:      layout_stronghold, mainiacjoe_overflow_catwalk,
          serial_co_window_serial, co_window_paths_b, co_window_corner_a,
          co_window_paths_a, co_window_of_opportunity_a,
          co_window_of_opportunity_a, co_window_unsneaky_path_a,
          co_window_2corner, co_window_corner_cb, co_window_cross_4,
          co_window_4corner_a, co_window_paths_e, glass_columns_a,
          glass_columns_b, glass_columns_b, glass_columns_a, glass_columns_b
D:10:     layout_basic, makhleb_altar_promises_db, special_room
          [special_room_orc], minmay_shop_mayhem, uniq_fannar, uniq_gastronok,
          uniq_nergalle, uniq_psyche, uniq_maurice
D:11:     layout_cave_pools, david_lair_shrubbed, serial_shops,
          nicolae_shop_competitors_out_of_business, hangedman_tell_no_tales
Temple:   nicolae_temple_two_arcs
Lair:1:   layout_hall_layers, serial_rivers, chequers_serial_rivers_room_a,
          chequers_serial_rivers_small_b, chequers_serial_rivers_room_b,
          chequers_serial_rivers_micro_d, chequers_serial_rivers_micro_e,
          gammafunk_lair_bear_cave, grunt_megastairs_3
Lair:2:   layout_regular_city, uniq_amaemon
Lair:3:   layout_layer_cave, minmay_swamp_entry_swarm,
          hellmonk_spider_entry_life_and_decay, beast_lair_carwin_5
Lair:4:   layout_regular_city, grunt_megastairs_4, serial_bayou_shore_a
Lair:5:   due_jungle_book, layout_regular_city, minmay_slime_entry_oklob_open,
          gauntlet_entry_generic, nicolae_lair_grove_arrangements,
          grunt_megastairs_5, uniq_sonja
Slime:1:  layout_caves, cheibrodos_slime_lost_civilization_6
Slime:2:  layout_caves, special_room [special_room_jelly]
Slime:3:  layout_caves
Slime:4:  layout_caves, special_room [special_room_jelly]
Slime:5

Skill      XL: |  1  2  3  4  5  6  7  8  9 10 11 12 13 |
---------------+----------------------------------------+-----
Short Blades   | 5 6 |  6.1
Dodging        | 2 3 4 6 7 9 10 12 | 12.0
Unarmed Combat | 1 3 5 6 8 10 11 | 11.2
Fighting       | 6 9 10 | 10.0
Armour         | 9 10 | 10.0
Evocations     | 6 |  6.6
Staves         | |  1.0

Action                     |  1- 3 |  4- 6 |  7- 9 | 10-12 | 13-15 || total
---------------------------+-------+-------+-------+-------+-------++-------
  Melee: Short sword       |    74 |   146 |   353 |   635 |   232 ||  1440
         Rapier            |     3 |       |       |       |       ||     3
         Touch             |       |    16 |    67 |   153 |    61 ||   297
         Punch             |       |     4 |    16 |    47 |    15 ||    82
  Evoke: Wand              |       |     4 |     3 |    11 |     6 ||    24
    Use: Potion            |       |       |     2 |     1 |     2 ||     5
         Scroll            |       |       |    13 |     7 |     7 ||    27
   Stab: Sleeping          |     2 |     1 |     2 |     6 |     1 ||    12
         Petrified         |       |       |       |       |     7 ||     7
 Armour: Robe              |    16 |    18 |    15 |       |       ||    49
         Steam dragon scal |       |       |    36 |   112 |    16 ||   164
         Acid dragon scale |       |       |       |       |    32 ||    32
  Dodge: Dodged            |    45 |    45 |   217 |   533 |   262 ||  1102

Table legend: (Time is in decaauts)
 A = Elapsed time spent in this place.
 B = Non-inter-level travel time spent in this place.
 C = Inter-level travel time spent in this place.
 D = Time resting spent in this place.
 E = Time spent auto-exploring this place.
 F = Levels seen in this place.
 G = Mean time per level.
                   A        B        C        D        E       F      G
               +--------+--------+--------+--------+--------+-----+--------+
         Total |  17692 |  17202 |    490 |   3186 |  10799 |  24 |  737.2 |
       Dungeon |  11236 |  10842 |    394 |   2011 |   6827 |  11 | 1021.5 |
        Temple |    119 |    113 |      6 |      0 |    106 |   1 |  119.0 |
          Lair |   5133 |   5043 |     90 |    852 |   3454 |   5 | 1026.6 |
    Slime Pits |     60 |     60 |      0 |      0 |      0 |   5 |   12.0 |
         Sewer |    463 |    463 |      0 |    100 |    211 |   1 |  463.0 |
      Gauntlet |    680 |    680 |      0 |    222 |    200 |   1 |  680.0 |
               +--------+--------+--------+--------+--------+-----+--------+

Top non-repeatable levels by time:
    D:10: 1668 daAuts
  Lair:3: 1597 daAuts
     D:5: 1555 daAuts
     D:9: 1225 daAuts
     D:8: 1181 daAuts
  Lair:1: 1146 daAuts
  Lair:4: 1049 daAuts
     D:7: 989 daAuts
  Lair:2: 930 daAuts
     D:4: 929 daAuts
     D:6: 886 daAuts
     D:3: 773 daAuts
     D:1: 750 daAuts
    D:11: 739 daAuts
Gauntlet: 680 daAuts
